 Dungeon Crawl Stone Soup version 0.31-a0-210-gccc998df9b (webtiles) character file.

Game seed: 8694962806554653071

12 Dittersdorf the Shield-Bearer (level 2, 0/19 HPs)
             Began as a Gargoyle Fighter on June 29, 2023.
             Slain by a gnoll
             ... wielding a +0 flail
              (5 damage)
             ... on level 1 of the Dungeon.
             The game lasted 00:00:54 (761 turns).

Dittersdorf the Shield-Bearer (Gargoyle Fighter)     Turns: 761, Time: 00:00:55

Health: 0/19       AC:  9    Str: 19    XL:     2   Next: 33%
Magic:  0/2        EV:  9    Int:  8    God:
Gold:   56         SH:  4    Dex:  9    Spells: 1/1 levels left

rFire   . . .        a - +0 flail
rCold   . . .        c - +0 buckler
rNeg    + . .        b - +0 scale mail
rPois   ∞            (no helmet)
rElec   +            (no cloak)
rCorr   .            (no gloves)
SInv    .            (no boots)
Will    .....        f - amulet of guardian spirit Stlth
                     (no ring)
HPRegen 0.23/turn    (no ring)
MPRegen 0.08/turn

%: guardian spirit
@: no status effects
A: sickness immunity, AC +2, negative energy resistance 1, electricity
resistance, torment resistance 1, petrification resistance
a: no special abilities


You were on level 1 of the Dungeon.
You visited 1 branch of the dungeon, and saw 2 of its levels.

You collected 56 gold pieces.

Inventory:

Hand Weapons
 a - a +0 flail (weapon)
Armour
 b - a +0 scale mail (worn)
 c - a +0 buckler (worn)
 i - a +0 plate armour
Jewellery
 f - an amulet of guardian spirit (around neck)
Scrolls
 e - a scroll of revelation {unknown}
 g - a scroll of immolation {unknown}
 h - 2 scrolls of identify {unknown}
Potions
 d - a potion of might


   Skills:
 + Level 3.5 Fighting
 + Level 2.2 Maces & Flails
 + Level 3.4 Armour
 + Level 3.5 Shields


You had one spell level left.
You didn't know any spells.
Your spell library was empty.

Dungeon Overview and Level Annotations

Branches:
Dungeon (2/15)

Altars:

Shops:
D:1 [?:*!


Innate Abilities, Weirdness & Mutations

You are immune to sickness and miasma.
Your stone body is resilient. (AC +2)
You are immune to poison.
You resist negative energy. (rN+)
You are resistant to electric shocks. (rElec)
You are resistant to unholy torment.
You are immune to petrification.


Message History

You barely miss the gnoll. The gnoll barely misses you.
The gnoll hits you with a +0 flail. The gnoll hits you but does no damage.
The gnoll hits you with a +0 whip. The gnoll barely misses you.
The gnoll closely misses you.
You closely miss the gnoll. You block the gnoll's attack.
The gnoll closely misses you. You block the gnoll's attack.
You closely miss the gnoll. The gnoll hits you with a +0 flail.
You block the gnoll's attack. The gnoll hits you but does no damage.
You barely miss the gnoll. The gnoll hits you but does no damage.
You block the gnoll's attack. The gnoll hits you with a +0 spear.
You are too injured to fight recklessly!
You are too injured to fight recklessly!
You are too injured to fight recklessly!
You are too injured to fight recklessly!
You are too injured to fight recklessly!
You are too injured to fight recklessly!
You are too injured to fight recklessly!
You are too injured to fight recklessly!
You are too injured to fight recklessly!
You are too injured to fight recklessly!
You are too injured to fight recklessly!
You are too injured to fight recklessly!
You are too injured to fight recklessly!
You are too injured to fight recklessly!
You are too injured to fight recklessly!
The gnoll hits you with a +0 whip.
* * * LOW HITPOINT WARNING * * *
The gnoll hits you but does no damage.
There is a stone staircase leading up here.
The gnoll closely misses you. The gnoll hits you but does no damage.
You block the gnoll's attack.
You climb upwards.
There is a stone staircase leading down here.
You hit the gnoll.
The gnoll is lightly wounded.
The gnoll hits you but does no damage. The gnoll barely misses you. x3
You sock the gnoll!
The gnoll is almost dead.
The gnoll hits you but does no damage. The gnoll hits you with a +0 flail.
You die...

.# #.# #.#.......###.# ##
#.# #.#####.#####.#
#########.#
#...........#.#
..........#
#######.#.....#
..........# #.#.#.###
..........# #.#.#.#
..........###
######.#.#.#
............#
#.g...§#.#.####
..........#.#
#@g.§§§#.#....#
..........#.#
#<..§..#.####.#
..........#.# #.....§#.#
#.#
###########.#########.#.#
#.# #.......# ###.#.# #.#
#.......# #...#.# #.#
#.......###.###.# #.#
#####.............#
#.####
#............######
#.....


You could see 2 gnolls.

Vanquished Creatures
  A dart slug (D:1)
  2 hobgoblins (D:1)
  3 ball pythons
  3 bats (D:1)
  A frilled lizard (D:1)
  A rat (D:1)
11 creatures vanquished.

Notes
Turn   | Place    | Note
-------+----------+-------------------------------------------
     0 | D:1      | Dittersdorf the Gargoyle Fighter began the quest for the
                  | Orb.
     0 | D:1      | Reached XP level 1. HP: 14/14 MP: 1/1
   205 | D:1      | Found Sownorao's Distillery.
   217 | D:1      | Found Rykudug Unn's Assorted Antiques.
   287 | D:1      | Found Pyanimet's Antique Armour Boutique.
   355 | D:1      | Reached XP level 2. HP: 19/19 MP: 0/2
   515 | D:1      | Found Faigibra's Book Shoppe.
   545 | D:1      | Found Xotwaoz's Magic Scroll Shoppe.
   761 | D:1      | Slain by a gnoll

Illustrated notes

Levels and vault maps discovered:
D:1:      dpeg_arrival_fog, layout_basic, serial_shops, shop,
          nicolae_shop_advertising_works [nicolae_subvault_shop_adworks],
          nicolae_shop_stone, nicolae_shop_tiny_waterfront,
          nicolae_shop_tiny_waterfront
D:2:      layout_basic, basic_altar, moated_statue, uniq_crazy_yiuf_cottage,
          uniq_robin

Action                     || total
---------------------------++-------
  Melee: Flail             ||    49
 Armour: Scale mail        ||    28
  Dodge: Dodged            ||    36
  Block: Buckler           ||    12

Table legend: (Time is in decaauts)
 A = Elapsed time spent in this place.
 B = Non-inter-level travel time spent in this place.
 C = Inter-level travel time spent in this place.
 D = Time resting spent in this place.
 E = Time spent auto-exploring this place.
 F = Levels seen in this place.
 G = Mean time per level.
                   A        B        C        D        E       F      G
               +--------+--------+--------+--------+--------+-----+--------+
         Total |    777 |    759 |     18 |      0 |    631 |   2 |  388.5 |
       Dungeon |    777 |    759 |     18 |      0 |    631 |   2 |  388.5 |
               +--------+--------+--------+--------+--------+-----+--------+

Top non-repeatable levels by time:
     D:1: 757 daAuts
     D:2: 19 daAuts
